 Dungeon Crawl Stone Soup version 0.30-b1-2-g02819fbbbe (webtiles) character file.

Game seed: 17030827565061285220

14559 LLlMATKO the Cleaver (level 11, 0/104 HPs)
             Began as a Minotaur Berserker on May 31, 2023.
             Was a High Priest of Trog.
             Engulfed by a cloud of freezing vapour (28 damage)
             ... in an ice cave.
             The game lasted 00:09:47 (9178 turns).

LLlMATKO the Cleaver (Minotaur Berserker)           Turns: 9178, Time: 00:09:48

Health: 0/104      AC: 29    Str: 20    XL:     11   Next: 90%
Magic:  0/10       EV: 10    Int:  8    God:    Trog [*****.]
Gold:   604        SH:  8    Dex: 15    Spells: 10/10 levels left

rFire   + . .        B - +9 war axe of Osiazxol {freeze, Int+4}
rCold   . . .        N - +2 buckler {rN+}
rNeg    + . .        q - +0 plate armour
rPois   +            (helmet restricted)
rElec   +            M - +2 cloak
rCorr   .            y - +2 pair of gloves
SInv    .            F - +2 pair of boots {Fly}
Will    ++...        T - amulet of guardian spirit Stlth
                     W - +4 ring of protection
HPRegen 1.37/turn    e - ring "Rityrodoi" {rElec rPois rF+ Str-4 Dex+3}
MPRegen 0.12/turn

%: guardian spirit
@: strong-willed, on berserk cooldown, flying, regenerating, slowed, very slow
A: horns 2, retaliatory headbutt
a: Renounce Religion, Berserk, Trog's Hand, Brothers in Arms


You were in an ice cave.
You worshipped Trog.
Trog was extremely pleased with you.
You visited 1 branch of the dungeon, and saw 11 of its levels.
You also visited: Ice Cave.

You collected 604 gold pieces.

Inventory:

Hand Weapons
 B - the +9 war axe of Osiazxol (weapon) {freeze, Int+4}
   (You found it on level 5 of the Dungeon)

   Int:       It affects your intelligence (+4).
Missiles
 h - 5 boomerangs of dispersal
 n - 2 throwing nets (quivered)
 t - 5 boomerangs
 w - 9 curare-tipped darts
 A - 25 poisoned darts
Armour
 a - a +2 hat of willpower
 q - a +0 plate armour (worn)
 y - a +2 pair of gloves (worn)
 F - a +2 pair of boots of flying (worn)
 M - a +2 cloak (worn)
 N - a +2 buckler of positive energy (worn)
Jewellery
 e - the ring "Rityrodoi" (right hand) {rElec rPois rF+ Str-4 Dex+3}
   (You acquired it on level 11 of the Dungeon)

   [ring of poison resistance]

   Str:       It affects your strength (-4).
   Dex:       It affects your dexterity (+3).
   rF:        It protects you from fire.
   rElec:     It insulates you from electricity.
   rPois:     It protects you from poison.
 O - a ring of fire
 T - an amulet of guardian spirit (around neck)
 W - a +4 ring of protection (left hand)
Wands
 E - a wand of polymorph (9)
 G - a wand of roots (9)
 L - a wand of flame (11)
 Q - a wand of light (6)
 R - a wand of paralysis (7)
Scrolls
 b - 3 scrolls of torment
 d - 3 scrolls of identify
 k - 4 scrolls of teleportation
 m - 2 scrolls of immolation
 v - 2 scrolls of magic mapping
 x - 2 scrolls of enchant weapon {unknown}
 D - 3 scrolls of fear {unknown}
 H - a scroll of fog {unknown}
 I - 2 scrolls of silence {unknown}
 J - 2 scrolls of noise {unknown}
 K - a scroll of vulnerability {unknown}
Potions
 c - 3 potions of heal wounds
 f - 4 potions of berserk rage {unknown}
 g - 8 potions of curing
 j - 2 potions of resistance {unknown}
 l - 5 potions of haste
 o - 3 potions of brilliance
 r - 2 potions of might {unknown}
 u - a potion of ambrosia {unknown}
 z - a potion of magic {unknown}
 C - 4 potions of lignification {unknown}
 P - a potion of flight {unknown}
 S - a potion of attraction {unknown}
 V - a potion of degeneration {unknown}


   Skills:
 + Level 11.7 Fighting
 + Level 11.7 Axes
 + Level 11.4 Armour
 + Level 10.5 Dodging
 + Level 6.6 Shields


You had 10 spell levels left.
You didn't know any spells.
Your spell library was empty.

Dungeon Overview and Level Annotations

Branches:
Dungeon (11/15)            Temple (0/1) D:7            Lair (0/5) D:8
    Orc (0/2) D:10          IceCv (1/1)

Altars:
Dithmenos
Fedhas
Hepliaklqana
Kikubaaqudgha
Makhleb
Nemelex Xobeh
Ru
Zin

Shops:
D:9 =

Annotations:
IceCv 1 transporter


Innate Abilities, Weirdness & Mutations

You have a pair of horns on your head.
You reflexively headbutt those who attack you in melee.


Message History

The ice beast disappears in a puff of smoke!
The ice statue gestures at you. The bolt of cold misses you.
The ice statue gestures.
You slash the ice statue! You headbutt the ice statue!
The ice statue is severely damaged.
You hit the ice beast but do no damage.
The ice statue glitters chillingly in the dim dungeon light.
The ice beast hits you but does no damage.
Unknown command.
You hit the ice statue. You headbutt the ice statue!
The ice statue is almost destroyed.
You hit the ice beast.
The ice statue gestures.
You block the ice beast's attack. The ice statue gestures at you.
The shard of ice hits you!!
You completely miss the ice statue.
The ice statue is almost destroyed.
You barely miss the ice beast. The ice beast misses you.
You furiously retaliate!
You headbutt the ice beast.
The ice statue gestures.
The ice beast hits you but does no damage.
Unknown command.
You slash the ice statue!
The ice statue is almost destroyed.
You closely miss the ice beast. You barely miss the ice beast.
The ice statue gestures at you. The freezing blast misses you.
You block the ice beast's attack.
The ice beast hits you but does no damage.
Unknown command.
You slice the ice statue!!
You destroy the ice statue!
Trog accepts your kill.
The ice beast disappears in a puff of smoke! x3
You are engulfed in freezing vapours.
* * * LOW HITPOINT WARNING * * *
Unknown command.
You are engulfed in freezing vapours.
You die...

#### ##### #©.##
###...####
#..8####........##
#...8##..........#
#....8#...........
#.....#....8......
#)$...#8..........
#):○.©#©©........∩
#@°☼..#8..........
#☼○○..#.(..8......
#°☼..8#...........
#..○8##..........#
#..8####........##
#∩.## ###...####
#### #####


There were no monsters in sight!

Vanquished Creatures
  A boulder beetle (D:10)
  A tengu warrior (D:8)
  Nergalle (D:10)
  Amaemon (D:11)
  An ugly thing (IceCv)
  A deep elf pyromancer (D:10)
  Maurice (D:8)
  An orange demon (D:11)
  2 ice statues (IceCv)
  Maggie (D:7)
  A rime drake (D:8)
  An anaconda simulacrum (IceCv)
  Psyche (D:8)
  A freezing wraith (IceCv)
  2 polar bears (D:8)
  2 trolls
  Grinder (D:6)
  Prince Ribbit (D:8)
  Sigmund (D:2)
  2 shadows
  4 yaks (D:10)
  3 wyverns
  Eustachio (D:6)
  2 wraiths
  2 vampires (D:9)
  Grum (D:10)
  A death yak simulacrum (IceCv)
  An acid dragon (D:11)
  A water moccasin (D:9)
  2 orc warriors
  4 ice beasts
  4 black bears
  3 ogres
  3 sky beasts
  2 wolves (D:10)
  A phantom (D:7)
  5 centaurs (D:8)
  3 kobold brigands (D:10)
  7 bullfrogs
  A gnoll sergeant (D:8)
  3 scorpions
  7 wights
  2 cane toad simulacra (IceCv)
  An oklob sapling (D:7)
  11 killer bees
  3 jellies (D:6)
  3 hounds
  4 orc priests
  2 gnoll boudas (D:5)
  Terence (D:2)
  4 iguanas
  A sleepcap (D:8)
  8 orc wizards
  A wolf simulacrum (IceCv)
  22 gnolls
  4 adders
  A shadow imp (D:5)
  2 worms
  4 dart slugs
  23 orcs
  10 bats
  5 endoplasms
  3 giant cockroaches
  8 goblins
  3 hobgoblins
  3 quokkas
  6 ball pythons
  5 frilled lizards
  24 kobolds
  5 rats
254 creatures vanquished.

Vanquished Creatures (others)
  A bat (D:1)
  12 plants (D:7)
13 creatures vanquished.

Grand Total: 267 creatures vanquished

Notes
Turn   | Place    | Note
-------+----------+-------------------------------------------
     0 | D:1      | LLlMATKO the Minotaur Berserker began the quest for the
                  | Orb.
     0 | D:1      | Reached XP level 1. HP: 19/19 MP: 0/0
     1 | D:1      | Noticed an electric eel
    51 | D:1      | Reached XP level 2. HP: 15/27 MP: 1/1
   313 | D:1      | Found a faded altar of an unknown god.
   404 | D:1      | Reached XP level 3. HP: 32/33 MP: 2/2
   679 | D:2      | Noticed Sigmund
   687 | D:2      | Killed Sigmund
   688 | D:2      | Reached XP level 4. HP: 15/41 MP: 3/3
   688 | D:2      | Reached XP level 5. HP: 18/47 MP: 4/4
   964 | D:2      | Reached ** piety under Trog
   965 | D:2      | Reached skill level 5 in Fighting
  1102 | D:2      | Noticed Terence
  1115 | D:2      | Killed Terence
  1116 | D:2      | Reached skill level 5 in Axes
  1224 | D:2      | You fall into a shaft and drop 1 floor!
  1742 | D:3      | Reached XP level 6. HP: 43/56 MP: 5/5
  2560 | D:4      | Reached skill level 5 in Armour
  2560 | D:4      | Reached XP level 7. HP: 12/62 MP: 6/6
  3089 | D:5      | Entered Level 5 of the Dungeon
  3215 | D:5      | Reached skill level 5 in Dodging
  3220 | D:5      | Identified the +9 war axe of Osiazxol {freeze, Int+4}
  3322 | D:5      | Reached *** piety under Trog
  3340 | D:5      | Reached XP level 8. HP: 54/71 MP: 7/7
  4303 | D:6      | Noticed Grinder
  4304 | D:6      | Paralysed by Grinder for 4 turns
  4310 | D:6      | Killed Grinder
  4359 | D:6      | Reached XP level 9. HP: 81/81 MP: 8/8
  4581 | D:6      | Reached **** piety under Trog
  4748 | D:6      | Noticed Eustachio
  4756 | D:6      | Killed Eustachio
  5448 | D:7      | Noticed Maggie
  5457 | D:7      | Killed Maggie
  5501 | D:7      | Found a staircase to the Ecumenical Temple.
  5808 | D:7      | Found a hazy altar of Hepliaklqana.
  5817 | D:7      | Found a sacrificial altar of Ru.
  5842 | D:8      | Noticed Psyche
  5845 | D:8      | Noticed Maurice
  5860 | D:8      | Killed Psyche
  5861 | D:8      | Reached XP level 10. HP: 48/91 MP: 4/9
  6060 | D:8      | Killed Maurice
  6117 | D:8      | Found a blossoming altar of Fedhas.
  6138 | D:8      | Reached skill level 1 in Shields
  6160 | D:8      | Reached skill level 10 in Fighting
  6160 | D:8      | Reached skill level 10 in Axes
  6221 | D:8      | Found a staircase to the Lair.
  6498 | D:8      | Noticed Prince Ribbit
  6502 | D:8      | Killed Prince Ribbit
  6816 | D:8      | Noticed a tengu warrior
  6822 | D:8      | Killed a tengu warrior
  6823 | D:8      | Reached skill level 10 in Armour
  7174 | D:9      | Found a sparkling altar of Nemelex Xobeh.
  7243 | D:9      | Found Plog's Jewellery Shoppe.
  7351 | D:9      | Found a burning altar of Makhleb.
  7365 | D:9      | Reached XP level 11. HP: 101/101 MP: 10/10
  7580 | D:10     | Entered Level 10 of the Dungeon
  7629 | D:10     | Noticed Grum
  7648 | D:10     | Killed Grum
  7650 | D:10     | Noticed a deep elf pyromancer
  7657 | D:10     | Killed a deep elf pyromancer
  7714 | D:10     | Found a staircase to the Orcish Mines.
  7816 | D:10     | Reached ***** piety under Trog
  8051 | D:10     | Reached skill level 5 in Shields
  8343 | D:10     | Noticed Nergalle
  8356 | D:10     | Killed Nergalle
  8420 | D:10     | Noticed a boulder beetle
  8443 | D:10     | Killed a boulder beetle
  8444 | D:10     | Reached skill level 10 in Dodging
  8622 | D:10     | Found a glowing silver altar of Zin.
  8641 | D:10     | Found a shadowy altar of Dithmenos.
  8641 | D:10     | Found an ancient bone altar of Kikubaaqudgha.
  8916 | D:11     | Identified 2 scrolls of acquirement
  8916 | D:11     | Acquired a +2 hat of willpower
  8921 | D:11     | Acquired the ring "Rityrodoi" {rElec rPois rF+ Str-4 Dex+3}
  8936 | D:11     | Noticed Amaemon
  8943 | D:11     | Killed Amaemon
  9070 | D:11     | Found a frozen archway.
  9079 | IceCv    | Entered an ice cave
  9079 | IceCv    | Noticed a white ugly thing
  9090 | IceCv    | Killed a white ugly thing
  9126 | IceCv    | Found a transporter.
  9139 | IceCv    | Found a transporter.
  9178 | IceCv    | Engulfed by a cloud of freezing vapour

Illustrated notes

Levels and vault maps discovered:
D:1:      arrival_aquarium_a, layout_rooms,
          hellmonk_ecumenical_altar_slurped_away, minmay_vboxes
D:2:      layout_loops_cross, minmay_pentomino_p4, uniq_terence, uniq_sigmund
D:3:      layout_rooms, chequers_serial_rivers_marsh, minmay_statues_item
D:4:      layout_cave_pools, grunt_ministairs_6
D:5:      layout_gridville, kennysheep_big_empty_room, minmay_holes,
          kennysheep_pointless_box
D:6:      layout_basic, minmay_misc_feat_chi, hangedman_decor_push,
          uniq_eustachio, uniq_grinder
D:7:      layout_rooms, mainiacjoe_overflow_swirl, minmay_temple_entry_oklob,
          serial_glass, glass_columns_a, glass_columns_b, glass_columns_b,
          minmay_between, uniq_maggie
D:8:      layout_loops_cross, fedhas_bush_and_centaur_altar,
          hellmonk_lair_entry_icy, minmay_three_doors, uniq_prince_ribbit1,
          uniq_psyche, uniq_maurice
D:9:      layout_loops_ring, mainiacjoe_overflow_brackets,
          nicolae_overflow_crystal_walls, serial_shops,
          nicolae_shop_tiny_statue_garden
D:10:     layout_basic, minitemple, orc_0_dummy, kennysheep_just_a_vault,
          uniq_grum, uniq_nergalle
D:11:     layout_long_grid, portal_ice_cave_entry_pillars_1, uniq_amaemon
IceCv:    ice_cave_statue_garden_transporter

Skill      XL: |  1  2  3  4  5  6  7  8  9 10 11 |
---------------+----------------------------------+-----
Fighting       | 4 5 6 7 9 10 11 | 11.7
Axes           | 4 5 6 8 9 10 11 | 11.7
Armour         | 3 4 5 6 7 9 10 11 | 11.4
Dodging        | 3 4 5 6 8 9 10 | 10.5
Shields        | 4 6 |  6.6

Action                     |  1- 3 |  4- 6 |  7- 9 | 10-12 || total
---------------------------+-------+-------+-------+-------++-------
  Melee: Hand axe          |    68 |   112 |    35 |       ||   215
         Headbutt          |     5 |    25 |    36 |    50 ||   116
         Punch             |       |     1 |     1 |       ||     2
         War axe           |       |       |   152 |   238 ||   390
         Unarmed           |       |       |    11 |     6 ||    17
  Throw: Javelin           |       |       |       |     4 ||     4
 Invoke: Berserk           |     2 |     3 |     6 |     7 ||    18
         Trog's Hand       |       |       |       |     1 ||     1
    Use: Scroll            |       |       |       |    10 ||    10
 Armour: Animal skin       |    17 |     2 |       |       ||    19
         Scale mail        |       |    14 |       |       ||    14
         Plate armour      |       |    34 |    81 |   170 ||   285
  Dodge: Dodged            |    46 |    49 |    78 |    98 ||   271
  Block: Buckler           |       |       |       |    65 ||    65
